 Dungeon Crawl Stone Soup version 0.28.0-53-g5a82cb258f (webtiles) character file.

Game seed: 7545109364896408906

408 issech the Chopper (level 6, 0/55 HPs)
             Began as a Minotaur Monk on May 31, 2022.
             Slain by a river rat (1 damage)
             ... summoned by Eustachio
             ... on level 4 of the Dungeon.
             The game lasted 00:13:18 (4334 turns).

issech the Chopper (Minotaur Monk)                  Turns: 4334, Time: 00:13:19

Health: 0/55       AC: 11    Str: 16    XL:     6   Next: 57%
Magic:  5/5        EV:  8    Int:  7    God:
Gold:   121        SH:  5    Dex: 14    Spells: 5/5 levels left

rFire   . . .      SeeInvis .   a - +0 hand axe
rCold   + . .      Faith    .   (no shield)
rNeg    . . .      Spirit   .   S - +0 chain mail
rPois   .          Reflect  +   (helmet restricted)
rElec   .          Harm     .   (no cloak)
rCorr   .          Rampage  .   q - +0 pair of gloves
Will    .....                   Y - +0 pair of boots
Stlth   ..........              o - amulet of reflection
HPRegen 0.18/turn               p - ring of protection from cold
MPRegen 0.09/turn               (no ring)

@: no status effects
A: horns 2, retaliatory headbutt
a: no special abilities


You were on level 4 of the Dungeon.
You visited 1 branch of the dungeon, and saw 4 of its levels.

You collected 121 gold pieces.

Inventory:

Hand Weapons
 a - a +0 hand axe (weapon)
 b - a +0 falchion
 m - a +0 club
 v - a +0 dagger
 y - a +2 dagger of holy wrath
 B - a +2 dagger of protection
 D - a +0 dagger
 F - a +0 hand axe
 G - a +0 dagger
 J - a +0 falchion
 K - a +0 hand axe
 N - a +0 trident
 O - a +0 dagger
 P - a +0 dagger
 R - a +0 dagger
 T - a +0 club
 U - a +0 hand axe
 V - a +0 whip
 W - a +0 dagger
Missiles
 h - 28 bolts
 j - 79 arrows
 k - 8 poisoned darts
 t - 107 stones
 w - 4 boomerangs (quivered)
Armour
 l - a +0 scale mail
 q - a +0 pair of gloves (worn)
 C - a +0 robe
 E - a +0 robe
 H - a +0 robe
 L - a +0 ring mail
 M - a +0 scale mail
 Q - a +0 leather armour
 S - a +0 chain mail (worn)
 X - a +0 scale mail
 Y - a +0 pair of boots (worn)
Magical Staves
 n - a staff of death
Jewellery
 e - an amulet of guardian spirit
 o - an amulet of reflection (around neck)
 p - a ring of protection from cold (left hand)
Scrolls
 c - 4 scrolls of identify {unknown}
 d - a scroll of summoning {unknown}
 f - 2 scrolls of teleportation {unknown}
 i - a scroll of fear {unknown}
 r - a scroll of vulnerability {unknown}
 z - a scroll of amnesia {unknown}
 A - a scroll of enchant armour {unknown}
Potions
 g - a potion of flight
 u - a potion of curing {unknown}
 x - a potion of mutation {unknown}
 I - a potion of attraction {unknown}


   Skills:
 + Level 4.8 Fighting
 + Level 0.4 Short Blades
 + Level 6.2 Axes
 + Level 3.7 Armour
 + Level 4.3 Dodging
 + Level 1.8 Stealth
 + Level 1.2 Shields


You had 5 spell levels left.
You didn't know any spells.
Your spell library contained the following spells:

 Spells                   Type           Power      Damage    Failure   Level
 Corpse Rot               Necr/Air       0%         N/A       100%        2
 Poisonous Vapours        Pois/Air       0%         N/A       100%        2
 Summon Forest            Summ/Tloc      0%         N/A       100%        5
 Summon Mana Viper        Hex/Summ       0%         N/A       100%        5
 Summon Cactus Giant      Summ           0%         N/A       100%        6


Dungeon Overview and Level Annotations

Branches:
Dungeon (4/15)
 Temple: D:4-7

Altars:

Shops:
D:2 *   D:3 :((*[

Annotations:
D:4 Eustachio


Innate Abilities, Weirdness & Mutations

You have a pair of horns on your head.
You reflexively headbutt those who attack you in melee.


Message History

You hit the river rat but do no damage. You block the river rat's attack.
The river rat bites you but does no damage.
The river rat bites you. x2
Eustachio gestures wildly while chanting.
Eustachio blinks!
You hit the river rat.
The river rat is heavily wounded.
You hit the river rat but do no damage. You hit the river rat. x2
The river rat twitches its whiskers.
The river rat bites you. x2
* * * LOW HITPOINT WARNING * * *
You block the river rat's attack. The river rat closely misses you.
You furiously retaliate!
You headbutt the river rat, but do no damage.
You closely miss the river rat. You headbutt the river rat.
The river rat is almost dead.
You hit the river rat but do no damage. x2; You barely miss the river rat.
The river rat closely misses you. The river rat barely misses you.
You block the river rat's attack. x2
You closely miss the river rat.
The river rat is almost dead.
You hit the river rat.
You hit the river rat but do no damage. x2
The river rat completely misses you. The river rat bites you!
* * * LOW HITPOINT WARNING * * *
The river rat closely misses you.
The river rat bites you but does no damage.
You barely miss the river rat. You headbutt the river rat!
The river rat is almost dead.
You closely miss the river rat. You barely miss the river rat.
You completely miss the river rat. The river rat bites you.
* * * LOW HITPOINT WARNING * * *
The river rat barely misses you. x2; The river rat bites you.
* * * LOW HITPOINT WARNING * * *
Unknown command.
Unknown command.
Unknown command.
It was a potion of magic.
Magic courses through your body.
Eustachio gestures wildly while chanting.
Eustachio blinks!
You block the river rat's attack. The river rat bites you.
You die...

####
##..#####
##...@...##
#..$......#
#..5ยง5....#
#..rrr...#
#.##@r5..#
##.########
#.## ##.####
#..#..##
#.#....#
##.#....#
#.......#
#.#.....#


You could see Eustachio, a quasit (summoned), 2 crimson imps and 4 river rats.

Vanquished Creatures
  A water moccasin (D:3)
  A hound (D:4)
  Natasha (thrice) (D:4)
  3 orc wizards (D:4)
  A hound skeleton (D:4)
  An adder (D:4)
  4 worms
  2 dart slugs (D:3)
  8 orcs (D:4)
  10 endoplasms
  6 giant cockroaches
  6 hobgoblins
  4 jackals (D:2)
  5 kobolds
  4 quokkas
  10 ball pythons
  2 bats
  4 frilled lizards
  4 goblins
  7 rats
86 creatures vanquished.

Notes
Turn   | Place    | Note
-------+----------+-------------------------------------------
     0 | D:1      | issech the Minotaur Monk began the quest for the Orb.
     0 | D:1      | Reached XP level 1. HP: 19/19 MP: 0/0
   170 | D:1      | Reached XP level 2. HP: 19/27 MP: 1/1
   350 | D:1      | Reached skill level 4 in Axes
   818 | D:1      | Reached XP level 3. HP: 33/33 MP: 2/2
  1055 | D:1      | Found a faded altar of an unknown god.
  1301 | D:2      | Found Cion Qenn's Assorted Antiques.
  2096 | D:3      | Noticed a water moccasin
  2110 | D:3      | Killed a water moccasin
  2111 | D:3      | Reached skill level 5 in Axes
  2111 | D:3      | Reached XP level 4. HP: 16/41 MP: 3/3
  2111 | D:3      | Reached XP level 5. HP: 18/47 MP: 4/4
  2390 | D:3      | Found Hatac's Assorted Antiques.
  2408 | D:3      | Found Qurunny's Weapon Emporium.
  2512 | D:3      | Found Poet's Armour Shoppe.
  2718 | D:3      | Found Voiruschu's Book Boutique.
  2867 | D:3      | Found Toerghox's Antique Weapon Emporium.
  3617 | D:4      | Noticed Natasha
  3628 | D:4      | Killed Natasha
  3638 | D:4      | Noticed Natasha
  3644 | D:4      | Killed Natasha
  3645 | D:4      | Reached skill level 6 in Axes
  3645 | D:4      | Reached XP level 6. HP: 39/53 MP: 5/5
  3746 | D:4      | Reached skill level 1 in Shields
  4141 | D:4      | Noticed Natasha
  4149 | D:4      | Killed Natasha
  4286 | D:4      | Noticed Eustachio
  4333 | D:4      | HP: 1/55 [river rat[Eustachio] (4)]
  4334 | D:4      | Slain by a river rat

Illustrated notes

Levels and vault maps discovered:
D:1:      mrwooster_arrival_statue_2, layout_loops_ring,
          dreamdust_ecumenical_altar_hidden_monk_grotto, minmay_quantized
D:2:      layout_rooms, serial_shops, shop_fountains, minivault_11,
          roderic_lattice_a
D:3:      layout_loops_ring, serial_shops, nicolae_shop_bloodbath_and_beyond,
          nicolae_shop_stone, nicolae_shop_hallway_stairs,
          nicolae_lakefront_shop, shop
D:4:      layout_cave_pods, uniq_eustachio, uniq_natasha

Skill      XL: |  1  2  3  4  5  6 |
---------------+-------------------+-----
Axes           | 4 5 6 |  6.2
Fighting       | 4 |  4.8
Armour         | 2 3 |  3.7
Dodging        | 4 |  4.3
Shields        | 1 |  1.2
Short Blades   | |  0.4
Stealth        | |  1.8

Action                   |  1- 3 |  4- 6 || total
-------------------------+-------+-------++-------
Melee: Hand axe          |   104 |   122 ||   226
       Headbutt          |    22 |    30 ||    52
       Punch             |     3 |     3 ||     6
       Dagger            |       |    68 ||    68
  Use: Potion            |       |     4 ||     4
Armor: Robe              |     1 |       ||     1
       Scale mail        |    26 |    73 ||    99
       Chain mail        |       |    33 ||    33
Dodge: Dodged            |    61 |   116 ||   177
Block: Other             |    11 |    39 ||    50
